cohdb
Replays
Latest Replays
All Replays
Popular Replays
Top Player Replays
Match Explorer
How It Works
Community
CoH3 Stats
Reddit
Sign in to upload your games and track your stats! →
Sign in with Steam
Match 47084271
Unlisted
Match 47084271
Overview
Messages
Build Orders
End
Construct Section Command Post
Infantry Section
Infantry Section
Vickers Machine Gun Team
ML 3-inch Mortar Team
Construct Field Infirmary
Selects Canadian Shock Battlegroup
Selects Attacking Spirit
Selects Canadian Shock Section
Canadian Shock Section
Construct Platoon Command Post
Grenade Package
6-pounder Anti-tank Gun Team
Infantry Training
6-pounder Anti-tank Gun Team
Team Weapon Training
Selects Incendiary Munitions
Selects Pyrotechnics
Canadian Shock Section
ML 3-inch Mortar Team
CMP 15cwt Truck
Selects Churchill Crocodile Heavy Tank
Churchill Crocodile Heavy Tank
CMP 15cwt Truck
~TAB~ THUND3RCHUNKY
bigcheese
-AL- Nimahfrosch
YourMom'sPiesSoHotRightNow
0
0
Comments
sign in to comment!
No comments posted yet!